 Dungeon Crawl Stone Soup version 0.26.0-10-g1f06aea511 (webtiles) character file.

Game seed: 4597341983425702394

598012 HoaS the Wrestler (level 27, -1/261 HPs)
             Began as a Ghoul Gladiator on Jan 24, 2021.
             Was the Champion of Makhleb.
             Slain by Tiamat
             ... wielding a +6 vorpal glaive
              (29 damage)
             ... on level 1 of the Realm of Zot.
             The game lasted 02:12:11 (49990 turns).

HoaS the Wrestler (Ghoul Gladiator)                Turns: 49990, Time: 02:12:11

Health: -1/261     AC: 47    Str: 27    XL:     27
Magic:  22/22      EV: 27    Int:  3    God:    Makhleb [******]
Gold:   9196       SH:  5    Dex: 18    Spells: 26/26 levels left

rFire    . . .     SeeInvis .     - Unarmed
rCold    + + .     Faith    .   (no shield)
rNeg     + + +     Spirit   .   t - +10 pearl dragon scales
rPois    ∞         Reflect  +   Y - +1 helmet of Wemecow {rC+ Str+2}
rElec    .         Harm     .   y - +2 cloak
rCorr    .         Rampage  .   (no gloves)
Will     ++...                  u - +1 pair of boots "Nealiaruta" {Str+2}
Stlth    ..........             o - amulet of reflection
HPRegen  0.00/turn              I - +4 ring of protection
MPRegen  0.18/turn              n - +4 ring of protection

@: about to teleport
A: claws 1, cold resistance 1, negative energy resistance 3, inhibited
regeneration, torment resistance, unbreathing
}: 3/15 runes: decaying, serpentine, silver
a: Renounce Religion, Minor Destruction, Lesser Servant of Makhleb, Major
Destruction, Greater Servant of Makhleb


You were on level 1 of the Realm of Zot.
You worshipped Makhleb.
Makhleb was exalted by your worship.
You visited 11 branches of the dungeon, and saw 49 of its levels.
You visited the Abyss 2 times.
You also visited: Trove, Bailey and Ice Cave.

You collected 13834 gold pieces.
You spent 4638 gold pieces at shops.

Inventory:

Missiles
 g - 11 boomerangs of dispersal
 p - 20 javelins
 q - 26 boomerangs
 x - 8 silver boomerangs
 T - 5 throwing nets
 U - 13 silver javelins
Armour
 t - +10 pearl dragon scales (worn)
 u - the +1 pair of boots "Nealiaruta" (worn) {Str+2}
   (You found it on level 5 of the Vaults)

   It affects your strength (+2).
 y - a +2 cloak (worn)
 W - a scarf of resistance
 Y - the +1 helmet of Wemecow (worn) {rC+ Str+2}
   (You found it on level 3 of the Elven Halls)

   It affects your strength (+2).
   It protects you from cold.
Jewellery
 b - a +6 ring of intelligence
 d - the ring of Creativity {rC++ rN+}
   (You found it on level 3 of the Crypt)

   [ring of positive energy]

   It greatly protects you from cold.
   It protects you from negative energy.
 l - the ring "Ycae" {+Inv Will+ MP-9 Dex+6 Stlth+, unknown}
   (You found it on level 2 of the Crypt)

   [ring of dexterity]

   It affects your dexterity (+6).
   It affects your willpower, your defense against some magical effects.
   It affects your magic capacity (-9).
   It lets you turn invisible.
   It makes you more stealthy.
 m - an uncursed ring of willpower
 n - a +4 ring of protection (right claw)
 o - an amulet of reflection (around neck)
 r - an uncursed ring of willpower
 D - an uncursed ring of see invisible
 G - the ring of Uwneot {Fire Will+ Dex+6}
   (You found it on level 2 of the Lair of Beasts)

   [ring of fire]

   It enhances your fire magic.
   It affects your dexterity (+6).
   It protects you from fire.
   It makes you vulnerable to cold.
   It affects your willpower, your defense against some magical effects.
 I - a +4 ring of protection (left claw)
 X - the ring of Lesser Demons {+Blink rF+ Int+5}
   (You took it off a deep elf death mage on level 3 of the Elven Halls)

   [ring of protection from fire]

   It affects your intelligence (+5).
   It protects you from fire.
   It lets you blink.
Wands
 L - a wand of acid (25) (quivered)
 M - a wand of digging (15)
Scrolls
 a - 24 scrolls of teleportation
 c - 2 scrolls of fear
 i - 26 scrolls of remove curse
 z - 17 scrolls of fog
 C - 8 scrolls of magic mapping
 N - 4 scrolls of torment
 O - a scroll of silence
 P - a scroll of summoning
 Q - 10 scrolls of blinking
 V - 13 scrolls of identify
Potions
 e - 21 potions of curing
 f - 8 potions of might
 h - 7 potions of cancellation
 j - 8 potions of attraction
 s - 8 potions of heal wounds
 v - 4 potions of resistance
 w - 8 potions of flight
 A - 12 potions of haste
 F - 3 potions of invisibility
 H - 7 potions of ambrosia


   Skills:
 + Level 24.1 Fighting
 - Level 1.7 Throwing
 + Level 20.9 Armour
 + Level 22.2 Dodging
 + Level 26.7 Unarmed Combat


You had 26 spell levels left.
You didn't know any spells.
Your spell library contained the following spells:

 Spells                   Type           Power        Failure   Level
 Animate Skeleton         Necr           0%           71%         1
 Apportation              Tloc           0%           71%         1
 Corona                   Hex            0%           71%         1
 Foxfire                  Conj/Fire      0%           71%         1
 Freeze                   Ice            0%           71%         1
 Magic Dart               Conj           0%           71%         1
 Pain                     Necr           0%           71%         1
 Shock                    Conj/Air       0%           71%         1
 Sting                    Tmut/Pois      0%           71%         1
 Summon Small Mammal      Summ           0%           71%         1
 Blink                    Tloc           N/A          85%         2
 Call Imp                 Summ           0%           85%         2
 Ensorcelled Hibernation  Hex/Ice        0%           85%         2
 Poisonous Vapours        Pois/Air       0%           85%         2
 Searing Ray              Conj           0%           85%         2
 Slow                     Hex            0%           85%         2
 Call Canine Familiar     Summ           0%           97%         3
 Conjure Flame            Conj/Fire      0%           97%         3
 Dazzling Flash           Conj/Hex       0%           97%         3
 Frozen Ramparts          Ice            0%           97%         3
 Gell's Gravitas          Tloc           0%           97%         3
 Ignite Poison            Fire/Tmut/Pois 0%           97%         3
 Inner Flame              Hex/Fire       0%           97%         3
 Lesser Beckoning         Tloc           0%           97%         3
 Mephitic Cloud           Conj/Pois/Air  0%           97%         3
 Ozocubu's Armour         Ice            0%           97%         3
 Portal Projectile        Hex/Tloc       0%           97%         3
 Static Discharge         Conj/Air       0%           97%         3
 Summon Guardian Golem    Hex/Summ       0%           97%         3
 Teleport Other           Tloc           0%           97%         3
 Tukima's Dance           Hex            0%           97%         3
 Vampiric Draining        Necr           0%           97%         3
 Animate Dead             Necr           0%           100%        4
 Cause Fear               Hex            0%           100%        4
 Dispel Undead            Necr           0%           100%        4
 Hailstorm                Conj/Ice       0%           100%        4
 Leda's Liquefaction      Hex/Erth       0%           100%        4
 Olgreb's Toxic Radiance  Pois           0%           100%        4
 Passage of Golubria      Tloc           N/A          100%        4
 Petrify                  Tmut/Erth      0%           100%        4
 Sticky Flame             Conj/Fire      0%           100%        4
 Summon Ice Beast         Ice/Summ       0%           100%        4
 Summon Lightning Spire   Summ/Air       0%           100%        4
 Agony                    Necr           0%           100%        5
 Alistair's Intoxication  Tmut/Pois      0%           100%        5
 Bolt of Magma            Conj/Fire/Erth 0%           100%        5
 Borgnjor's Vile Clutch   Necr/Erth      0%           100%        5
 Fireball                 Conj/Fire      0%           100%        5
 Irradiate                Conj/Tmut      0%           100%        5
 Iskenderun's Battlesphe  Conj           0%           100%        5
 Metabolic Englaciation   Hex/Ice        0%           100%        5
 Silence                  Hex/Air        0%           100%        5
 Summon Demon             Summ           0%           100%        5
 Summon Forest            Summ/Tloc      0%           100%        5
 Summon Mana Viper        Hex/Summ       0%           100%        5
 Yara's Violent Unravell  Hex/Tmut       0%           100%        5
 Death Channel            Necr           0%           100%        6
 Dispersal                Tloc           0%           100%        6
 Eringya's Noxious Bog    Tmut/Pois      0%           100%        6
 Freezing Cloud           Conj/Ice/Air   0%           100%        6
 Invisibility             Hex            0%           100%        6
 Iron Shot                Conj/Erth      0%           100%        6
 Ozocubu's Refrigeration  Ice            0%           100%        6
 Shadow Creatures         Summ           N/A          100%        6
 Simulacrum               Ice/Necr       0%           100%        6
 Starburst                Conj/Fire      0%           100%        6
 Orb of Destruction       Conj           0%           100%        7
 Spellforged Servitor     Conj/Summ      0%           100%        7
 Summon Hydra             Summ           0%           100%        7
 Discord                  Hex            0%           100%        8
 Tornado                  Air            0%           100%        9
 Beastly Appendage        Tmut           Unusable     N/A         1
 Sublimation of Blood     Necr           Unusable     N/A         2
 Wereblood                Tmut           Unusable     N/A         2
 Spider Form              Tmut/Pois      Unusable     N/A         3
 Ice Form                 Ice/Tmut       Unusable     N/A         4
 Blade Hands              Tmut           Unusable     N/A         5
 Hydra Form               Tmut           Unusable     N/A         6
 Statue Form              Tmut/Erth      Unusable     N/A         6
 Dragon Form              Tmut           Unusable     N/A         7
 Death's Door             Necr           Unusable     N/A         9

Dungeon Overview and Level Annotations

Branches:
Dungeon (15/15)            Temple (1/1) D:4            Lair (6/6) D:11
  Swamp (4/4) Lair:2        Snake (4/4) Lair:4        Slime (0/5) Lair:5
    Orc (2/2) D:12            Elf (3/3) Orc:2        Vaults (5/5) D:14
  Crypt (3/3) Vaults:2       Tomb (0/3) Crypt:3      Depths (5/5) D:15
    Zot (1/5) Depths:5     Bailey (visited)           IceCv (visited)

Altars:
Ashenzari
Cheibriados
Dithmenos
Elyvilon
Fedhas
Gozag
Hepliaklqana
Kikubaaqudgha
Makhleb
Nemelex Xobeh
Okawaru
Qazlal
Ru
Sif Muna
Trog
Uskayaw
Vehumet
Wu Jian
Xom
Yredelemnul
Zin
The Shining One
Beogh

Shops:
D:4 *   D:6 *   D:7 !   Orc:2 ?*!(   Elf:3 }   Vaults:1 ((((   Vaults:2 [
Vaults:3 (   Vaults:4 :   Vaults:5 (   Depths:1 =   Depths:4 :(

Portals:
Hell: Depths:1 Depths:2 Depths:3 Depths:4 Depths:5
Abyss: Depths:2 Depths:4
Pandemonium: Depths:1 Depths:3 Depths:5
Ziggurat: Depths:3

Annotations:
Depths:1 1 runed translucent door
Zot:1 Tiamat


Innate Abilities, Weirdness & Mutations

You thrive by killing the living.
You are immune to poison.
You have sharp fingernails.
Your flesh is cold resistant. (rC+)
You are immune to negative energy. (rN+++)
You do not regenerate when monsters are visible.
You are immune to unholy pain and torment.
You can survive without breathing.


Message History

Tiamat barely misses you. x2
You claw the yellow draconian shifter!
Your claw misses the yellow draconian shifter.
The yellow draconian shifter is lightly wounded.
You mangle the yellow draconian shifter!!
The yellow draconian shifter is moderately wounded.
The yellow draconian shifter blinks!
The purple draconian hits you but does no damage.
The black draconian completely misses you.
You eviscerate the purple draconian!!! Your claw misses the purple draconian.
The purple draconian is heavily wounded.
Tiamat barely misses you. Tiamat misses you.
You scratch the purple draconian.
The purple draconian is heavily wounded.
The purple draconian hits you but does no damage.
The black draconian misses you.
You scratch the purple draconian. You claw the purple draconian.
The purple draconian is heavily wounded.
Tiamat hits you with a +6 vorpal glaive!!
You die...

# ##.....## #...##........
####......# ##...#.........
##.........##..[..[....#
..................[...######
...)................⌠....$..
................)...........
....#.......)....q.########.
...#......#.....d.##
...##.....#.....@## ####
...##......dd########
.........)))).......
..........>......(..
....................
###............/....
...#..............
..###............
.....###...##


You could see Tiamat, a black draconian (catching breath), a purple draconian
and a yellow draconian shifter.

Vanquished Creatures
  4 ancient liches
  2 juggernauts
  The ghost of Teduw the Impregnable, a veteran MiGl of Hepliaklqana (Crypt:2)
  the Lernaean hydra (Swamp:4)
  Vashnia (Snake:4)
  Saint Roka (Depths:1)
  7 golden dragons
  A golden dragon (shapeshifter) (Vaults:5)
  Jory (Vaults:2)
  2 bone dragons
  A profane servitor (Crypt:3)
  5 liches
  A hellephant (Abyss:3)
  Asterion (Elf:2)
  7 tentacled monstrosities
  2 quicksilver dragons
  3 titans
  2 deep elf master archers (Elf:3)
  A deep elf blademaster (Elf:3)
  A kraken (Abyss:5)
  7 sphinxes
  2 tentacled starspawn (Abyss:3)
  A death cob (Zot:1)
  4 tengu reavers
  4 ancient champions
  6 revenants
  4 shadow dragons
  Agnes (D:14)
  7 storm dragons
  7 nagarajas
  A fenstrider witch (Swamp:1)
  Donald (Crypt:2)
  19 vault wardens
  8 fire giants
  10 frost giants
  16 deep elf sorcerers
  4 iron dragons
  2 draconian knights (Depths:5)
  A draconian shifter (Zot:1)
  A cacodemon (Abyss:3)
  A curse skull (Crypt:3)
  A draconian stormcaller (Zot:1)
  4 deep elf elementalists (Elf:3)
  18 ironheart preservers
  A reaper (Crypt:2)
  7 stone giants
  6 ghouls
  A draconian annihilator (Zot:1)
  3 war gargoyles (Vaults:5)
  The ghost of Yermak the Summoner, a journeyman GnSu of Ashenzari (Swamp:3)
  A caustic shrike skeleton (Crypt:1)
  10 very ugly things
  9 vampire knights
  5 black draconians
  A green draconian (Zot:1)
  11 deep elf demonologists
  A minotaur (shapeshifter) (Vaults:5)
  4 yellow draconians
  4 entropy weavers
  4 spark wasps
  A purple draconian (Zot:1)
  4 bunyips
  A white draconian (Depths:5)
  14 deep elf annihilators
  3 red draconians (Zot:1)
  14 deep elf death magi
  A merfolk impaler (Depths:2)
  5 eleionomae
  An eidolon (Crypt:2)
  14 fire dragons
  2 deep elf high priests
  28 jiangshi
  10 ettins
  19 yaktaur captains
  9 rakshasas
  24 hydras
  11 great orbs of eyes
  A ghost crab (Swamp:3)
  8 ice dragons
  A quicksilver dragon skeleton (Crypt:2)
  34 vault guards
  10 centaur warriors
  11 boulder beetles
  2 catoblepae
  19 ogre magi
  11 naga warriors
  4 spriggan air magi (Depths:4)
  8 alligators
  13 anacondas
  36 two-headed ogres
  33 dancing weapons
  7 death knights
  5 vampire magi
  A queen ant (Lair:2)
  7 tengu warriors
  9 orc high priests (Orc:2)
  17 death yaks
  2 deep troll shamans
  6 deep troll earth magi
  11 spriggans
  2 hell hogs (Depths:3)
  21 deep elf knights
  5 spriggan berserkers
  13 naga sharpshooters
  A soul eater (Crypt:2)
  2 thrashing horrors (Abyss:3)
  4 shock serpents
  A titan skeleton (Crypt:2)
  8 hell knights
  6 small abominations
  4 shadow wraiths
  3 goliath frogs
  2 salamander mystics
  46 skeletal warriors
  14 deep trolls
  5 unseen horrors
  11 flayed ghosts
  A golden dragon zombie (Crypt:2)
  An orange crystal statue (Snake:2)
  3 spriggan druids
  2 glowing orange brains
  9 naga ritualists
  9 swamp dragons
  A swamp dragon (shapeshifter) (Vaults:5)
  3 bog bodies
  3 harpies (Depths:4)
  13 wizards
  An iron giant skeleton (Crypt:1)
  A lindwurm (Lair:6)
  6 necromancers
  25 deep elf archers
  A harpy (shapeshifter) (D:14)
  73 deep elf magi
  11 phantasmal warriors
  14 ironbrand convokers
  14 orc knights
  8 mana vipers
  A salamander (shapeshifter) (Vaults:4)
  An iron dragon zombie (Crypt:2)
  6 manticores
  4 orc sorcerers
  4 oklob plants (Lair:5)
  9 wolf spiders
  42 ugly things
  9 salamanders
  A will-o-the-wisp (Swamp:1)
  A frost giant skeleton (Crypt:1)
  A faun (shapeshifter) (Abyss:3)
  A centaur zombie (D:11)
  A stone giant skeleton (Crypt:2)
  6 starcursed masses
  An iron dragon skeleton (Crypt:2)
  A moth of wrath (shapeshifter) (Vaults:5)
  A moth of wrath (Zot:1)
  5 cyclopes
  11 elephants
  10 vault sentinels
  An eleionoma skeleton (Crypt:2)
  An eye of devastation (shapeshifter) (Depths:2)
  A smoke demon (Abyss:3)
  36 black mambas
  3 guardian serpents
  22 naga magi
  Maggie (D:10)
  4 gargoyles
  2 torpor snails
  A storm dragon simulacrum (Crypt:2)
  9 cane toads
  4 rime drakes
  3 kobold demonologists
  A rime drake (shapeshifter) (D:13)
  8 komodo dragons
  2 ancient zymes
  62 yaktaurs
  An efreet (D:14)
  A komodo dragon (shapeshifter) (Elf:3)
  A catoblepas skeleton (Abyss:5)
  10 freezing wraiths
  A yaktaur (shapeshifter) (Vaults:1)
  4 tengu conjurers
  A spectral harpy (Crypt:3)
  A merfolk (shapeshifter) (Vaults:3)
  A queen bee (Lair:3)
  5 trolls
  A jumping spider (shapeshifter) (Vaults:5)
  A troll (shapeshifter) (Elf:2)
  20 polar bears
  10 hornets
  11 tyrant leeches
  15 blink frogs
  19 slime creatures
  A raiju (shapeshifter) (D:13)
  7 raiju (Abyss:3)
  7 dream sheep
  2 dream sheep (shapeshifter)
  A blink frog (shapeshifter) (D:14)
  A hydra skeleton (Crypt:1)
  A slime creature (shapeshifter) (Vaults:5)
  50 flying skulls
  A satyr skeleton (Crypt:1)
  A shapeshifter (D:13)
  5 shadows
  A black mamba zombie (Crypt:1)
  A yak (shapeshifter) (Vaults:5)
  A redback (Vaults:3)
  A spriggan (shapeshifter) (Elf:1)
  5 air elementals
  13 wraiths
  A dire elephant simulacrum (Crypt:3)
  A tarantella (shapeshifter) (Vaults:2)
  63 yaks
  A guardian serpent skeleton (Crypt:1)
  A human (D:2)
  3 wyverns
  A human (shapeshifter) (D:15)
  A fire dragon skeleton (Crypt:2)
  2 ynoxinuls (Abyss:3)
  11 water elementals
  5 fire bats
  A fire elemental (Elf:1)
  A chaos spawn (Abyss:5)
  4 large abominations
  9 basilisks
  8 wargs
  12 vampire mosquitoes
  A soldier ant (shapeshifter) (Vaults:2)
  21 swamp worms
  37 nagas
  3 acid dragons
  7 soldier ants
  An acid dragon (shapeshifter) (Vaults:5)
  21 water moccasins
  2 floating eyes
  11 hell hounds
  30 orc warriors
  A hydra simulacrum (Crypt:1)
  3 ice beasts
  A sky beast (D:10)
  A cane toad skeleton (Crypt:2)
  A human skeleton (Vaults:1)
  8 black bears
  An alligator simulacrum (Crypt:2)
  11 swamp drakes
  5 phantoms
  26 wolves
  An ettin simulacrum (Vaults:2)
  7 necrophages
  34 ogres
  10 boggarts
  8 centaurs
  5 big kobolds
  2 earth elementals
  17 bullfrogs
  A human simulacrum (Vaults:1)
  A gnoll sergeant (D:10)
  A wyvern zombie (D:14)
  A draconian skeleton (Crypt:2)
  A water moccasin zombie (D:5)
  A wyvern skeleton (D:12)
  2 scorpions
  A troll zombie (Crypt:1)
  26 killer bees
  An orc simulacrum (Vaults:1)
  10 wights
  2 howler monkeys
  2 bullfrog zombies (D:12)
  A quasit (D:7)
  A soldier ant zombie (Crypt:2)
  3 hounds
  A human zombie (D:2)
  5 jellies
  Crazy Yiuf (D:2)
  41 orc priests
  3 bullfrog skeletons
  18 orc wizards
  Terence (D:2)
  3 centaur skeletons
  A demonspawn skeleton (Crypt:2)
  A gnoll shaman (D:5)
  A worker ant (shapeshifter) (Vaults:5)
  32 worker ants
  6 iguanas
  4 hell rats (Lair:4)
  An acid dragon skeleton (Crypt:1)
  A hound zombie (D:9)
  A hound skeleton (D:4)
  2 worker ant zombies
  16 gnolls
  14 adders
  4 shadow imps
  15 white imps
  An ufetubus (Abyss:3)
  5 oozes
  2 adder skeletons
  4 worms
  The ghost of Goblin1989 the Sneak, a weakling DsDe of Okawaru (D:4)
  4 dart slugs
  6 leopard geckos
  99 orcs
  2 ball pythons
  4 giant cockroaches
  A giant cockroach (shapeshifter) (Vaults:5)
  3 goblins
  8 hobgoblins
  9 jackals
  11 quokkas
  A river rat zombie (Crypt:2)
  7 bats
  7 frilled lizards
  A hobgoblin skeleton (Crypt:2)
  A jackal skeleton (D:4)
  A jackal zombie (Crypt:2)
  21 kobolds
  A quokka skeleton (D:9)
  7 rats
  4 starspawn tentacles (Abyss:3)
  3 tentacles (Abyss:5)
2329 creatures vanquished.

Vanquished Creatures (others)
  A deep elf blademaster (Elf:3)
  A deep elf high priest (Depths:4)
  A boulder beetle (Vaults:2)
  A deep elf mage (Vaults:4)
  An ugly thing (Vaults:2)
  A naga mage (Snake:4)
  A polar bear (IceCv)
  2 bloated husks (Swamp:2)
  3 blink frogs (Lair:5)
  A spriggan (Swamp:3)
  A swamp worm (Swamp:2)
  2 ogres
  A starcursed mass (Crypt:2)
  An orc wizard (D:12)
  4 orcs
  A crawling corpse (Elf:2)
  2 foxfires (Swamp:1)
  10 fungi
  A lurking horror (Abyss:3)
  42 plants
  4 starspawn tentacles (Abyss:3)
  4 tentacles (Abyss:5)
86 creatures vanquished.

Grand Total: 2415 creatures vanquished

Notes
Turn   | Place    | Note
-------+----------+-------------------------------------------
     0 | D:1      | HoaS the Ghoul Gladiator began the quest for the Orb.
     0 | D:1      | Reached XP level 1. HP: 17/17 MP: 0/0
   237 | D:1      | Reached XP level 2. HP: 24/24 MP: 1/1
   259 | D:1      | Reached skill level 4 in Unarmed Combat
   822 | D:1      | Reached XP level 3. HP: 26/29 MP: 2/2
  1012 | D:2      | Noticed Terence
  1029 | D:2      | Killed Terence
  1030 | D:2      | Reached skill level 5 in Unarmed Combat
  1197 | D:2      | Reached XP level 4. HP: 31/36 MP: 3/3
  1632 | D:2      | Found a runed translucent door.
  1632 | D:2      | Noticed a human
  1642 | D:2      | Reached skill level 6 in Unarmed Combat
  1642 | D:2      | Reached XP level 5. HP: 37/41 MP: 4/4
  1710 | D:2      | Found a basalt altar of Yredelemnul.
  1875 | D:2      | Found a runed translucent door.
  1876 | D:2      | Noticed Crazy Yiuf
  1932 | D:2      | Killed a human
  1933 | D:2      | Reached skill level 7 in Unarmed Combat
  1933 | D:2      | Reached XP level 6. HP: 29/48 MP: 5/5
  2000 | D:2      | Killed Crazy Yiuf
  2059 | D:3      | Found a hide-covered altar of Uskayaw.
  2128 | D:3      | Reached skill level 8 in Unarmed Combat
  2511 | D:4      | Noticed a phantom
  2530 | D:4      | Killed a phantom
  2531 | D:4      | Reached XP level 7. HP: 39/55 MP: 6/6
  2602 | D:4      | Found a snail-covered altar of Cheibriados.
  2675 | D:4      | Reached skill level 9 in Unarmed Combat
  2691 | D:4      | Found a staircase to the Ecumenical Temple.
  2697 | Temple   | Entered the Ecumenical Temple
  3042 | D:4      | Found Repror's General Store.
  3257 | D:4      | Reached skill level 10 in Unarmed Combat
  3438 | D:4      | Found a transporter.
  3441 | D:4      | Found a transporter.
  3441 | D:4      | Identified the +9 dire flail "Asuraed" {vorpal, rC+ MP+9}
  3441 | D:4      | Noticed Goblin1989's ghost (weakling DsDe)
  3548 | D:5      | Entered Level 5 of the Dungeon
  3582 | D:5      | Reached XP level 8. HP: 59/61 MP: 7/7
  3611 | D:5      | Found an ancient bone altar of Kikubaaqudgha.
  3922 | D:5      | Found a white marble altar of Elyvilon.
  3934 | D:5      | Found a bloodstained altar of Trog.
  3950 | D:5      | Found a sparkling altar of Nemelex Xobeh.
  3976 | D:5      | Reached skill level 11 in Unarmed Combat
  4193 | D:5      | Found an ornate altar of the Wu Jian Council.
  4258 | D:4      | Killed Goblin1989's ghost
  4430 | D:6      | Found a radiant altar of Vehumet.
  4455 | D:6      | Reached skill level 12 in Unarmed Combat
  4490 | D:6      | Found a stormy altar of Qazlal.
  4498 | D:6      | Found Modegukk's Lightly-Used Armoury.
  4514 | D:6      | Reached XP level 9. HP: 47/68 MP: 8/8
  4528 | D:6      | Reached skill level 1 in Armour
  4613 | D:6      | Found a broken altar of Ashenzari.
  5101 | D:7      | Found a hazy altar of Hepliaklqana.
  5484 | D:7      | Found a hazy altar of Hepliaklqana.
  5500 | D:7      | Found Wyatobu's Distillery.
  5511 | D:7      | Found a flagged portal.
  5520 | Bailey   | Entered a bailey
  5520 | Bailey   | Noticed an orc knight
  5991 | D:8      | Noticed a two-headed ogre
  6004 | D:8      | Killed a two-headed ogre
  6005 | D:8      | Reached skill level 5 in Fighting
  6213 | D:8      | Found an opulent altar of Gozag.
  6379 | D:8      | Reached XP level 10. HP: 81/81 MP: 9/9
  6434 | D:8      | Found a sparkling altar of Nemelex Xobeh.
  6535 | D:8      | Reached skill level 5 in Dodging
  6840 | D:9      | Reached skill level 13 in Unarmed Combat
  6897 | D:9      | Identified a scroll of acquirement
  6897 | D:9      | Acquired the +1 crystal plate armour of the Dropbear
                  | {Regen+ Str+3}
  7062 | D:9      | Found a burning altar of Makhleb.
  7199 | D:9      | Became a worshipper of Makhleb the Destroyer
  7249 | D:10     | Entered Level 10 of the Dungeon
  7351 | D:10     | Noticed a two-headed ogre
  7363 | D:10     | Killed a two-headed ogre
  7364 | D:10     | Reached skill level 5 in Armour
  7470 | D:10     | Noticed Maggie
  7477 | D:10     | Killed Maggie
  7585 | D:10     | Reached XP level 11. HP: 92/92 MP: 10/10
  7640 | D:10     | Killed an unseen horror
  7888 | D:10     | Reached * piety under Makhleb
  8278 | D:11     | Noticed a two-headed ogre
  8295 | D:11     | Killed a two-headed ogre
  8415 | D:11     | Reached ** piety under Makhleb
  8436 | D:11     | Noticed a two-headed ogre
  8444 | D:11     | Killed a two-headed ogre
  8445 | D:11     | Reached skill level 14 in Unarmed Combat
  8531 | D:11     | Found a staircase to the Lair.
  8717 | D:4      | Bought a scroll of acquirement for 676 gold pieces
  8718 | D:4      | Acquired 801 gold pieces
  8910 | Lair:1   | Entered Level 1 of the Lair of Beasts
  9079 | Lair:1   | Reached XP level 12. HP: 104/104 MP: 11/11
  9242 | Lair:1   | Noticed a death yak
  9243 | Lair:1   | Noticed a death yak
  9244 | Lair:1   | Noticed a death yak
  9244 | Lair:1   | Noticed a death yak
  9245 | Lair:1   | Noticed a death yak
  9258 | Lair:1   | Killed a death yak
  9263 | Lair:1   | Killed a death yak
  9273 | Lair:1   | Killed a death yak
  9282 | Lair:1   | Killed a death yak
  9296 | Lair:1   | Killed a death yak
  9711 | Lair:2   | Reached *** piety under Makhleb
  9835 | Lair:2   | Noticed a queen ant
  9849 | Lair:2   | Killed a queen ant
  9857 | Lair:2   | Reached skill level 10 in Fighting
 10071 | Lair:2   | Reached skill level 15 in Unarmed Combat
 10162 | Lair:2   | Found a staircase to the Swamp.
 10191 | Lair:2   | Got a transparent wooden ring
 10192 | Lair:2   | Identified the ring of Uwneot {Fire Will+ Dex+6} (You found
                  | it on level 2 of the Lair of Beasts)
 10527 | Lair:2   | Reached XP level 13. HP: 114/114 MP: 12/12
 10697 | Lair:3   | Reached **** piety under Makhleb
 11486 | Lair:3   | Reached ***** piety under Makhleb
 11844 | Lair:4   | You fall into a shaft and drop 1 floor!
 11996 | Lair:4   | Found a staircase to the Snake Pit.
 12171 | Lair:4   | Reached skill level 10 in Dodging
 12951 | Lair:4   | Reached XP level 14. HP: 125/125 MP: 13/13
 12969 | Lair:4   | Reached skill level 10 in Armour
 12989 | Lair:5   | Reached skill level 16 in Unarmed Combat
 13143 | Lair:5   | Found a staircase to the Slime Pits.
 13492 | Lair:5   | Paralysed by a floating eye for 3 turns
 13496 | Lair:5   | Paralysed by a floating eye for 2 turns
 13503 | Lair:5   | Paralysed by a floating eye for 2 turns
 13511 | Lair:5   | Paralysed by a floating eye for 4 turns
 13806 | Lair:6   | Entered Level 6 of the Lair of Beasts
 14250 | Lair:6   | Reached ****** piety under Makhleb
 15351 | D:12     | Reached XP level 15. HP: 135/135 MP: 14/14
 15448 | D:12     | Found a staircase to the Orcish Mines.
 15536 | D:12     | Found a portal to a secret trove of treasure.
 15550 | Trove    | Entered a treasure trove
 15559 | Trove    | Got a warped graven amulet
 15561 | Trove    | Got a pitted plate armour
 15573 | Trove    | Got a wavering copper ring
 15575 | Trove    | Got a slimy diamond amulet
 15591 | Trove    | Identified the amulet "Icilu" {Faith Will+ Str+4 Int+3}
                  | (You found it in a treasure trove)
 16201 | Orc:1    | Entered Level 1 of the Orcish Mines
 16240 | Orc:1    | Found a frozen archway.
 16276 | IceCv    | Entered an ice cave
 16333 | IceCv    | Identified the Grimoire of Contamination and Dark Rites
 16377 | IceCv    | Reached skill level 17 in Unarmed Combat
 16425 | IceCv    | Identified the ring of Anissih {Ice rN+ Will+ Dex-4 Stlth+}
                  | (You found it in a treasure trove)
 16443 | IceCv    | Identified the amulet "Bereenn" {Acrobat *Contam Int+3
                  | SInv} (You found it in a treasure trove)
 16444 | IceCv    | Identified the cursed +1 plate armour of Indomitability
                  | {rN++ Str+4 Int-5} (You found it in a treasure trove)
 16636 | IceCv    | Noticed a frost giant
 16704 | IceCv    | Killed a frost giant
 16736 | IceCv    | Identified the Papyrus of the Frostbite
 17372 | Orc:2    | Entered Level 2 of the Orcish Mines
 17740 | Orc:2    | Found a staircase to the Elven Halls.
 17786 | Orc:2    | Found a roughly hewn altar of Beogh.
 18482 | Orc:2    | Found a roughly hewn altar of Beogh.
 18578 | Orc:2    | Found Ebietzi's Magic Scroll Shop.
 18578 | Orc:2    | Found Abuoxt's General Store.
 18617 | Orc:2    | Found Tafaab's Antique Weapon Shoppe.
 18617 | Orc:2    | Found Xeprun's Distillery.
 18802 | Orc:2    | Bought 2 scrolls of teleportation for 84 gold pieces
 18802 | Orc:2    | Bought a scroll of teleportation for 42 gold pieces
 18802 | Orc:2    | Bought a wand of digging (7) for 308 gold pieces
 18813 | Orc:2    | Bought a scroll of blinking for 97 gold pieces
 18813 | Orc:2    | Bought a scroll of acquirement for 676 gold pieces
 18813 | Orc:2    | Bought a scroll of blinking for 97 gold pieces
 18847 | Orc:2    | Bought a potion of might for 60 gold pieces
 18847 | Orc:2    | Bought a potion of curing for 45 gold pieces
 18847 | Orc:2    | Bought a potion of haste for 150 gold pieces
 18847 | Orc:2    | Bought a potion of might for 60 gold pieces
 18847 | Orc:2    | Bought 2 potions of curing for 90 gold pieces
 18847 | Orc:2    | Bought a potion of curing for 45 gold pieces
 18847 | Orc:2    | Bought a potion of heal wounds for 75 gold pieces
 18874 | Orc:2    | Acquired a manual of Unarmed Combat
 19103 | D:13     | You are sucked into a shaft and drop 2 floors!
 19103 | D:15     | Entered Level 15 of the Dungeon
 19109 | D:15     | Reached XP level 16. HP: 146/146 MP: 15/15
 19956 | D:13     | Reached skill level 18 in Unarmed Combat
 20479 | D:14     | Noticed Agnes
 20496 | D:14     | Killed Agnes
 20703 | D:14     | Found a gate to the Vaults.
 21415 | D:15     | Found a staircase to the Depths.
 21425 | D:15     | Reached skill level 15 in Fighting
 21773 | Swamp:1  | Entered Level 1 of the Swamp
 21913 | Swamp:1  | Noticed a fenstrider witch
 21921 | Swamp:1  | Killed a fenstrider witch
 21991 | Swamp:1  | Reached skill level 19 in Unarmed Combat
 22347 | Swamp:2  | Reached XP level 17. HP: 105/156 MP: 16/16
 22514 | Swamp:2  | Acquired 417 gold pieces
 22553 | Swamp:2  | You are sucked into a shaft and drop 1 floor!
 23276 | Swamp:3  | Found a runed translucent door.
 23277 | Swamp:3  | Noticed Yermak's ghost (journeyman GnSu)
 23311 | Swamp:3  | Killed Yermak's ghost
 23396 | Swamp:3  | Found the +18 shield of the Gong {rElec rN+ Will+ EV-5}
 23472 | Swamp:4  | Entered Level 4 of the Swamp
 23593 | Swamp:4  | Reached skill level 20 in Unarmed Combat
 23679 | Swamp:4  | Noticed the 27-headed Lernaean hydra
 23698 | Swamp:4  | Killed the 27-headed Lernaean hydra
 23826 | Swamp:4  | Got a decaying rune of Zot
 24385 | Snake:1  | Entered Level 1 of the Snake Pit
 24436 | Snake:1  | Reached XP level 18. HP: 162/166 MP: 17/17
 25282 | Snake:2  | Found a transporter.
 25380 | Snake:2  | Found a transporter.
 26406 | Snake:4  | Entered Level 4 of the Snake Pit
 26503 | Snake:4  | Reached skill level 21 in Unarmed Combat
 27050 | Snake:4  | Noticed Vashnia
 27288 | Snake:4  | Killed Vashnia
 27512 | Snake:3  | Reached XP level 19. HP: 169/177 MP: 18/18
 27614 | Snake:4  | Reached skill level 15 in Dodging
 27666 | Snake:4  | Got a serpentine rune of Zot
 28046 | Elf:1    | Entered Level 1 of the Elven Halls
 28402 | Elf:1    | You are sucked into a shaft and drop 1 floor!
 28525 | Elf:2    | Reached skill level 15 in Armour
 28593 | Elf:2    | Found a huge runed translucent gate.
 28594 | Elf:2    | Found a huge runed translucent gate.
 28595 | Elf:2    | Found a huge runed translucent gate.
 28596 | Elf:2    | Found a huge runed translucent gate.
 28597 | Elf:2    | Found a huge runed translucent gate.
 28643 | Elf:2    | Noticed Asterion
 28665 | Elf:2    | Killed Asterion
 29799 | Elf:2    | Acquired 564 gold pieces
 29991 | Elf:2    | Reached XP level 20. HP: 163/187 MP: 19/19
 30395 | Vaults:1 | Entered Level 1 of the Vaults
 30492 | Vaults:1 | Found Gozag's Antique Weapon Boutique.
 30524 | Vaults:1 | Reached skill level 22 in Unarmed Combat
 30573 | Vaults:1 | Found an opulent altar of Gozag.
 30574 | Vaults:1 | Found Gozag's Antique Weapon Boutique.
 30594 | Vaults:1 | Found Gozag's Antique Weapon Shop.
 31530 | Vaults:1 | Found Ugast's Antique Weapon Boutique.
 31616 | Vaults:1 | Acquired 660 gold pieces
 31812 | Vaults:2 | Noticed Jory
 31826 | Vaults:2 | Killed Jory
 32448 | Vaults:2 | Reached XP level 21. HP: 196/196 MP: 20/20
 32448 | Vaults:2 | Found a staircase to the Crypt.
 32533 | Vaults:2 | Found Borad's Armour Shoppe.
 32543 | Vaults:2 | Bought the +1 helmet of Jaudem {rC- Regen+ Str+10 Stlth+}
                  | for 566 gold pieces
 32543 | Vaults:2 | Bought a +1 helmet of intelligence for 280 gold pieces
 33029 | Vaults:3 | Found Xoru's Weapon Emporium.
 33618 | D:14     | Got a translucent plate armour
 33619 | D:14     | Identified the +12 plate armour "Asiavane" {+Inv rC+ Dex-2
                  | SInv} (You found it on level 14 of the Dungeon)
 34453 | Vaults:3 | Found a burning altar of Makhleb.
 34789 | Vaults:4 | Reached skill level 23 in Unarmed Combat
 34800 | Vaults:4 | HP: 7/199 [harpy (shapeshifter) (8)]
 34963 | Vaults:4 | Acquired 741 gold pieces
 35137 | Vaults:4 | Reached XP level 22. HP: 206/206 MP: 21/21
 35339 | Vaults:4 | Found Alih's Book Emporium.
 36015 | Depths:1 | Entered Level 1 of the Depths
 36998 | Depths:1 | Found Renk's Jewellery Boutique.
 37074 | Depths:1 | Bought a +6 ring of intelligence for 1287 gold pieces
 37127 | Depths:1 | Found a runed translucent door.
 37368 | Depths:1 | Found a one-way gate leading to the halls of Pandemonium.
 37423 | Depths:1 | Noticed Saint Roka
 37450 | Depths:1 | Killed Saint Roka
 37557 | Depths:1 | Found a gateway to Hell.
 38090 | Depths:2 | Found a one-way gate to the infinite horrors of the Abyss.
 38621 | Depths:3 | Found a gateway to a ziggurat.
 38645 | Depths:3 | Reached XP level 23. HP: 195/217 MP: 22/22
 39016 | Depths:3 | You are sucked into a shaft and drop 2 floors!
 39016 | Depths:5 | Entered Level 5 of the Depths
 39044 | Depths:5 | Found a gate to the Realm of Zot.
 39045 | Depths:5 | Noticed a golden dragon
 39063 | Depths:5 | Killed a golden dragon
 39196 | Depths:5 | Paralysed by a floating eye for 2 turns
 39579 | Depths:4 | Reached skill level 24 in Unarmed Combat
 39606 | Depths:4 | Paralysed by a vampire knight for 6 turns
 39650 | Depths:4 | Noticed a juggernaut
 39666 | Depths:4 | Killed a juggernaut
 39673 | Depths:4 | Noticed a golden dragon
 39685 | Depths:4 | Killed a golden dragon
 39750 | Depths:4 | Identified the Reference Book on Doomed Curses
 40172 | Depths:3 | Paralysed by a sphinx for 7 turns
 40233 | Depths:3 | Found a shimmering blue altar of Sif Muna.
 40237 | Depths:3 | Cast into level 3 of the Abyss (a wizard)
 40454 | Abyss:3  | Reached XP level 24. HP: 215/228 MP: 22/22
 40510 | Depths:3 | Escaped the Abyss
 40569 | Depths:3 | Found the +9 staff of Wucad Mu {channel}
 40599 | Depths:3 | Noticed an ancient lich
 40614 | Depths:3 | HP: 3/228 [Tzitzimitl/dispel undead[an ancient lich] (64)]
 40615 | Depths:3 | Killed an ancient lich
 40831 | Depths:3 | Identified Sif Muna's Incunabulum of Envenoming
 40833 | Depths:3 | Identified Utel's Volume of Fire and the Voyage
 40847 | Depths:3 | Got a serpentine wooden ring
 40852 | Depths:3 | Identified the Guide on the Supportive Snowflakes
 40896 | Depths:3 | Identified Sif Muna's Collected Works on Shifting Lightness
 41070 | Depths:3 | Identified the cursed ring "Deipyito" {Will- AC-4 Int+2
                  | Stlth+} (You found it on level 3 of the Depths)
 41149 | Depths:4 | Found Moos's Weapon Shop.
 41163 | Depths:4 | Found Ebietzi's Book Boutique.
 42032 | Depths:5 | Noticed a juggernaut
 42044 | Depths:5 | Killed a juggernaut
 42664 | Elf:3    | Entered Level 3 of the Elven Halls
 43222 | Elf:3    | Identified the +2 double sword "Woobu" {drain, rC+++}
 43520 | Elf:3    | Reached XP level 25. HP: 237/237 MP: 22/22
 43639 | Elf:3    | Identified the Volume of Displaced Arcane Weapons
 43665 | Elf:3    | Identified Nupezogh's Incunabulum of Excruciating
                  | Contamination
 43700 | Elf:3    | Found Ifuuleyron's Gadget Shoppe.
 43765 | Elf:3    | Identified the +2 quarterstaff of Risk Management {freeze,
                  | *Rage rElec rF+++ rC-}
 43765 | Elf:3    | Identified the ring of Lesser Demons {+Blink rF+ Int+5}
 43861 | Elf:3    | Reached skill level 25 in Unarmed Combat
 43917 | Elf:3    | Got a brightly glowing helmet
 43918 | Elf:3    | Identified the +1 helmet of Wemecow {rC+ Str+2} (You found
                  | it on level 3 of the Elven Halls)
 43924 | Elf:3    | Got a transparent chain mail
 43925 | Elf:3    | Identified the +6 chain mail of Resonant Intercession
                  | {rElec rN++ Str-5 Stlth+} (You found it on level 3 of the
                  | Elven Halls)
 44206 | Vaults:5 | Entered Level 5 of the Vaults
 45148 | Vaults:5 | Reached XP level 26. HP: 246/248 MP: 22/22
 45271 | Vaults:5 | Found Jeuvvum's Antique Weapon Boutique.
 45277 | Vaults:5 | Got a pair of jewelled boots
 45307 | Vaults:5 | Identified the +1 pair of boots "Nealiaruta" {Str+2} (You
                  | found it on level 5 of the Vaults)
 45760 | Vaults:5 | Got a silver rune of Zot
 46160 | Zot:1    | Entered Level 1 of the Realm of Zot
 46383 | Crypt:1  | Entered Level 1 of the Crypt
 46850 | Crypt:1  | Found a glowing golden altar of the Shining One.
 46858 | Crypt:1  | Found a burning altar of Makhleb.
 47024 | Crypt:1  | Reached skill level 26 in Unarmed Combat
 47036 | Crypt:1  | Got an encrusted plate armour
 47037 | Crypt:1  | Identified the +8 plate armour of Ymes {-Cast rC++ rN+}
                  | (You found it on level 1 of the Crypt)
 47570 | Crypt:2  | Got a transparent plate armour
 47571 | Crypt:2  | Identified the +9 plate armour of the Pits of Slime {rElec
                  | rN+ Int+4} (You found it on level 2 of the Crypt)
 47927 | Crypt:2  | Found a runed translucent gate.
 47928 | Crypt:2  | Found a runed translucent gate.
 47928 | Crypt:2  | Found an ancient bone altar of Kikubaaqudgha.
 47928 | Crypt:2  | Noticed an ancient lich
 47929 | Crypt:2  | Found a runed translucent gate.
 47929 | Crypt:2  | Noticed an ancient lich
 47929 | Crypt:2  | Noticed an ancient lich
 47931 | Crypt:2  | Noticed Teduw's ghost (veteran MiGl)
 48002 | Crypt:2  | Noticed Donald
 48007 | Crypt:2  | Killed Donald
 48090 | Crypt:3  | Entered Level 3 of the Crypt
 48197 | Crypt:3  | Reached XP level 27. HP: 259/259 MP: 22/22
 48199 | Crypt:3  | Found an ancient bone altar of Kikubaaqudgha.
 48448 | Crypt:3  | Identified the Collected Works on Unholy Secrets
 48849 | Crypt:3  | Found a staircase to the Tomb.
 49090 | Crypt:3  | Got a fine bone ring
 49090 | Crypt:3  | Got a transparent glass ring
 49090 | Crypt:3  | Got a steaming copper ring
 49112 | Crypt:3  | Identified the ring of Creativity {rC++ rN+} (You found it
                  | on level 3 of the Crypt)
 49115 | Crypt:3  | Identified the ring of the Rose {rN+ Int+4 Dex+7} (You
                  | found it on level 3 of the Crypt)
 49117 | Crypt:3  | Identified the ring "Hairph" {rC- rN+ Str+5} (You found it
                  | on level 3 of the Crypt)
 49232 | Crypt:2  | Killed an ancient lich
 49242 | Crypt:2  | Killed an ancient lich
 49246 | Crypt:2  | Cast into level 5 of the Abyss (an ancient lich)
 49246 | Abyss:5  | Entered Level 5 of the Abyss
 49364 | Crypt:2  | Escaped the Abyss
 49367 | Crypt:2  | Killed an ancient lich
 49420 | Crypt:2  | Killed Teduw's ghost
 49427 | Crypt:2  | Identified Kikubaaqudgha's Collected Works on Black Arts
 49434 | Crypt:2  | Got a steaming copper ring
 49902 | Zot:1    | Identified the +4 dragonskin cloak
 49902 | Zot:1    | Noticed Tiamat
 49990 | Zot:1    | Slain by Tiamat

Illustrated notes

Levels and vault maps discovered:
D:1:      minmay_arrival_four_circles, layout_basic
D:2:      layout_rooms, chequers_serial_rivers_small_b, st_stairs_11,
          serial_bayou_pond_b, dk_yredelemnul_ordeal, uniq_crazy_yiuf_cottage,
          uniq_terence
D:3:      layout_rooms, eat_drink_and_be_merry_uskayaw
D:4:      layout_gridville, marbit_many_paths, minmay_temple_entry_mini_moons,
          gammafunk_ghost_smash, serial_shops, kennysheep_mini
D:5:      layout_basic, nzn_wu_jian_council_hall, kiku_gazebo_pond_becter,
          amethyst_overflow_temple_binary, basic_altar
D:6:      layout_gridville, vehumet_crystals, lemuel_doored_altar,
          grunt_qazlal_clouds, minmay_shop_damaged
D:7:      layout_basic, nicolae_overflow_crystal_walls, enter_bailey_2,
          serial_shops, shop, basic_altar
D:8:      layout_rooms, nicolae_gozag_cash_rules_everything_around_me,
          nicolae_overflow_hidden_temple
D:9:      layout_basic, kennysheep_mini_moat, kennysheep_generic_room_10
D:10:     layout_roguey, minmay_joined_circles, uniq_maggie
D:11:     layout_basic, lair_entry_dummy, mrwooster_statue_mirror
D:12:     layout_basic, orc_0_dummy, nicolae_trove_entry_isolated,
          due_unseen_surprise
D:13:     layout_basic, st_stairs_9
D:14:     layout_loops_cross, grunt_vaults_entry_fortified,
          chequers_mini_garden, minmay_the_grid_2x2 [minmay_the_grid_doors,
          minmay_the_grid_x, minmay_the_grid_mess,
          minmay_the_grid_prize_shrinking_boxes], uniq_agnes
D:15:     grunt_enter_depths_snipers, layout_loops_cross,
          hangedman_abyss_or_decor_lesser_grid, serial_glass, glass_columns_c,
          glass_columns_c
Temple:   jpeg_temple_island
Lair:1:   layout_regular_city, chequers_serial_rivers_room_a
Lair:2:   layout_cave_pods, minmay_swamp_entry_worms, minmay_another_anthill
Lair:3:   layout_roguey, special_room [special_room_bee],
          gammafunk_lair_bear_cave
Lair:4:   layout_layer_cave, minmay_snake_entry_guardpost_medium
Lair:5:   layout_roguey, nicolae_slime_entry_slimehenge, serial_bayou_pond_b,
          disabler_island
Lair:6:   grunt_lair_end_beastmaster, layout_small_grid, grunt_megastairs_2
Swamp:1:  layout_basic_swamp, evilmike_swamp_ruin_wall
Swamp:2:  layout_basic_swamp, hangedman_swamp_pad, swamp_pool1
Swamp:3:  layout_basic_swamp, ebering_ghost_inner_flame, hangedman_swamp_blocks
Swamp:4:  swamp_old_school, layout_basic_swamp, swamp_pool5,
          infiniplex_staircase_pool
Snake:1:  layout_misc_corridors
Snake:2:  gammafunk_sealed_arena, layout_rooms, grunt_ministairs_3
Snake:3:  layout_misc_corridors, hangedman_snake_thin_pillar_pass
Snake:4:  snake_pit, layout_grid_maze, uniq_vashnia
Orc:1:    layout_caves, portal_ice_cave_entry_imps
Orc:2:    st_orc_town, layout_caves, basic_altar
Elf:1:    elf_arrival_002, layout_loops_corners, hangedman_corner_corridor,
          nicolae_elf_stone_circles
Elf:2:    layout_loops_ring, uniq_asterion
Elf:3:    grunt_elf_hall_spiral, layout_onion_city, serial_shops,
          nicolae_shop_stone
Vaults:1: kennysheep_vaults_gozag_temple, v_alt_pattern_5, grunt_vaults_focal,
          nicolae_vaults_network_barrier, nicolae_vaults_puzzle_piece,
          nicolae_vaults_triangles, vaults_room_fours, v_alt_pattern_3,
          v_misc_3, nicolae_vaults_theta, nicolae_vaults_little_squares_6,
          layout_vaults_maze_bifur, serial_shops,
          nicolae_shop_temple_entry_statues_fountains
Vaults:2: minmay_crypt_entry_simple_plaza, ontoclasm_vaults_idyll, v_misc_19,
          vaults_room_corners, dpeg_vaults_monster_box,
          nicolae_vaults_yaktaur_gun_rack, nicolae_vaults_alarming,
          layout_vaults_quadrants, uniq_jory
Vaults:3: nicolae_vaults_ninety_degrees, ontoclasm_vaults_pinch, v_misc_27,
          v_misc_26, grunt_vaults_diagonal, v_misc_9, v_misc_30,
          vaults_mumra_hex, vaults_room_ringed_pool, vaults_dpeg_diagonal,
          ontoclasm_vaults_twist, dpeg_vaults_monster_doublerow,
          layout_vaults_ring, serial_shops, nicolae_shop_behind_doors,
          basic_altar
Vaults:4: nicolae_vaults_circle_grid_a, nicolae_vaults_disjoint_gnomons,
          vaults_mumra_hexcomb, ontoclasm_vaults_bender,
          ontoclasm_vaults_ring_small, v_pattern_1,
          nicolae_vaults_three_branches, nicolae_vaults_angled_halls,
          grunt_vaults_funnel, nicolae_vaults_border_crossing,
          layout_vaults_omnibox, serial_shops, shop
Vaults:5: serial_shops
Crypt:1:  layout_misc_corridors, hex_large, nzn_life_drinkers
Crypt:2:  layout_chaotic_city, gammafunk_ghost_crypt, grunt_megastairs_1,
          uniq_donald
Crypt:3:  grunt_crypt_end_deaths_head
Depths:1: layout_gridlike, serial_shops, shop_coins, pf_coc_iceberg, pan_entry,
          minmay_acid_items, uniq_saint_roka
Depths:2: kennysheep_scales, layout_cave_pools, abyss_entry_small_statue_room,
          pf_hell_entry_tar_spiral, serial_bayou_lagoon_a
Depths:3: evilmike_library_of_no_secrets, layout_cave_pools, enter_ziggurat_e,
          minmay_misc_feat_cross, pan_entry, grunt_hell_horde,
          minmay_misc_feat_x
Depths:4: minmay_nine_rooms, layout_gridlike, marbit_kobold_abyss_entry,
          hell_entry, hangedman_abyss_or_decor_stabs, special_room
          [special_room_mythical_zoo], minmay_staircase_windowed_large,
          minmay_shoptagon
Depths:5: grunt_zot_entry_tricorne, layout_honeycomb,
          pf_vacation_house_of_asmodeus, grunt_pan_entry_spiral
Zot:1:    layout_misc_corridors, uniq_tiamat

Skill      XL: |  1  2  3  4  5  6  7  8  9 10 11 12 13 14 15 16 17 18 19 20 21 22 23 24 25 26 27 |
---------------+----------------------------------------------------------------------------------+-----
Unarmed Combat | 4 5 6 7 8 10 12 13 14 15 16 17 19 20 21 22 23 24 25 26 | 26.7
Armour         | 3 5 7 8 9 11 12 13 14 15 16 17 18 19 20 | 20.9
Dodging        | 4 6 7 9 10 11 12 13 14 15 16 17 18 19 20 21 22 | 22.2
Fighting       | 5 7 9 10 11 13 14 15 16 17 18 19 20 21 22 23 24 | 24.1
Throwing       | |  1.7

Action                   |  1- 3 |  4- 6 |  7- 9 | 10-12 | 13-15 | 16-18 | 19-21 | 22-24 | 25-27 || total
-------------------------+-------+-------+-------+-------+-------+-------+-------+-------+-------++-------
Melee: Unarmed           |    90 |   193 |   273 |   658 |  1413 |  1423 |  1413 |  1440 |  1663 ||  8566
       Punch             |       |     4 |     8 |    54 |   148 |   145 |   200 |   244 |   274 ||  1077
Throw: Throwing net      |     1 |     1 |     1 |       |       |       |       |       |       ||     3
       Boomerang         |       |       |       |       |     1 |       |       |       |       ||     1
Evoke: Wand              |       |       |     3 |       |       |     3 |       |       |       ||     6
  Use: Scroll            |     1 |     3 |    15 |    13 |    12 |     8 |     8 |    12 |    10 ||    82
       Potion            |       |       |       |     2 |       |     2 |     2 |       |       ||     6
 Stab: Distracted        |       |     1 |       |       |       |       |       |       |       ||     1
       Held in net/web   |       |       |     1 |       |       |       |       |       |       ||     1
Armor: Leather armour    |    16 |       |       |       |       |       |       |       |       ||    16
       Scale mail        |     4 |    85 |    24 |       |       |       |       |       |       ||   113
       Ring mail         |     1 |       |       |       |       |       |       |       |       ||     1
       Plate armour      |       |       |    98 |    60 |       |       |   112 |    40 |       ||   310
       Crystal plate arm |       |       |       |   393 |  1004 |  1002 |   560 |       |       ||  2959
       Pearl dragon scal |       |       |       |       |       |       |       |   724 |   731 ||  1455
Dodge: Dodged            |    54 |   107 |    65 |   250 |   770 |   998 |  1009 |  1406 |  1545 ||  6204
Block: Other             |       |       |       |       |       |       |       |   245 |   326 ||   571
       Reflection        |       |       |       |       |       |       |       |    42 |     2 ||    44
